 Dungeon Crawl Stone Soup version 0.29-a0-887-gcbe080d7e0 (webtiles) character file.

Game seed: 13409058933710239283

80 hquester1 the Shield-Bearer (level 4, -1/40 HPs)
             Began as a Minotaur Fighter on July 21, 2022.
             Killed by divine providence
             ... invoked by an orc priest
              (12 damage)
             ... on level 3 of the Dungeon.
             The game lasted 00:03:03 (1869 turns).

hquester1 the Shield-Bearer (Minotaur Fighter)      Turns: 1869, Time: 00:03:04

Health: -1/40      AC:  7    Str: 23    XL:     4   Next: 18%
Magic:  3/3        EV:  9    Int:  5    God:
Gold:   103        SH:  4    Dex:  9    Spells: 3/3 levels left

rFire   . . .      SeeInvis .   a - +0 war axe
rCold   . . .      Faith    .   c - +0 buckler
rNeg    . . .      Spirit   .   b - +0 scale mail
rPois   .          Reflect  .   (helmet restricted)
rElec   .          Harm     .   (no cloak)
rCorr   .          Rampage  .   (no gloves)
Will    .....                   (no boots)
Stlth   ..........              h - amulet of regeneration
HPRegen 0.93/turn               (no ring)
MPRegen 0.08/turn               (no ring)

@: no status effects
A: horns 2, retaliatory headbutt
a: no special abilities


You were on level 3 of the Dungeon.
You visited 1 branch of the dungeon, and saw 3 of its levels.

You collected 103 gold pieces.

Inventory:

Hand Weapons
 a - a +0 war axe (weapon)
Armour
 b - a +0 scale mail (worn)
 c - a +0 buckler (worn)
Jewellery
 h - an amulet of regeneration (around neck)
 j - a ring of ice
Scrolls
 e - a scroll of fear {unknown}
 f - 3 scrolls of identify {unknown}
 g - a scroll of noise {unknown}
Potions
 d - 2 potions of might
 i - 2 potions of cancellation {unknown}
 k - a potion of heal wounds {unknown}


   Skills:
 + Level 4.2 Fighting
 + Level 3.1 Axes
 + Level 4.2 Armour
 + Level 1.2 Dodging
 + Level 1.0 Stealth
 + Level 4.2 Shields


You had 3 spell levels left.
You didn't know any spells.
Your spell library was empty.

Dungeon Overview and Level Annotations

Branches:
Dungeon (3/15)

Altars:


Innate Abilities, Weirdness & Mutations

You have a pair of horns on your head.
You reflexively headbutt those who attack you in melee.


Message History

Deactivating autopickup; reactivate with Ctrl-A.
The orc priest calls down the wrath of Beogh upon you.
Pain shoots through your body!
The orc throws a boomerang.
The boomerang hits you but does no damage.
The orc priest calls down the wrath of Beogh upon you.
Beogh smites you!
You barely miss the orc. The orc hits you but does no damage.
You slash the orc!
You kill the orc!
You block something's attack.
You see here a +0 dagger.
You miss something. Your headbutt misses something.
Something hits you but does no damage.
You barely miss something. Something hits you but does no damage.
You hear some strange, mumbled words.
A puff of flame appears from out of thin air!
The puff of flame misses you.
You barely miss something. You block something's attack.
You closely miss something. Something hits you but does no damage.
You miss something. You headbutt something. Something hits you.
The orc throws a boomerang.
The boomerang completely misses you. Something hits you.
You barely miss something. Something hits you.
The orc throws a boomerang.
The boomerang barely misses you.
The orc priest calls down the wrath of Beogh upon you.
Beogh smites you!
You closely miss something. Something hits you.
The orc priest calls down the wrath of Beogh upon you.
Beogh smites you!
* * * LOW HITPOINT WARNING * * *
You block something's attack.
You hit something. You block something's attack.
You miss something. You block something's attack.
The orc throws a boomerang.
You block the boomerang.
You miss something. Something hits you but does no damage.
The orc throws a boomerang.
The orc priest mumbles some strange prayers to Beogh against you.
Beogh smites you!
You die...

.....###.## ...# .
.....###.# ...# ..
.......#.# # ..#
... ...###.#.#
#.>.# ...# ##.#
#.# #.#.##....#
...# #.#
#.oo^...... ####
#.# #o# #.# #{#
#.# #@# #.# #.#
#.# #.# #.# #.#
################.#
.................#
##################


You could see an orc priest and 2 orcs.

Vanquished Creatures
  A gnoll (D:1)
  2 adders
  A worm (D:3)
  2 dart slugs (D:1)
  An orc (D:3)
  3 ball pythons (D:2)
  6 endoplasms
  A giant cockroach (D:2)
  7 hobgoblins
  2 jackals (D:2)
  3 kobolds (D:1)
  A quokka (D:1)
  3 bats
  A frilled lizard (D:1)
  3 goblins
  4 rats
41 creatures vanquished.

Notes
Turn   | Place    | Note
-------+----------+-------------------------------------------
     0 | D:1      | hquester1 the Minotaur Fighter began the quest for the Orb.
     0 | D:1      | Reached XP level 1. HP: 19/19 MP: 0/0
    58 | D:1      | Found a faded altar of an unknown god.
    89 | D:1      | Reached XP level 2. HP: 23/27 MP: 1/1
   634 | D:1      | Reached XP level 3. HP: 32/33 MP: 2/2
  1487 | D:2      | Reached skill level 1 in Dodging
  1758 | D:3      | Reached skill level 1 in Stealth
  1758 | D:3      | Reached XP level 4. HP: 40/40 MP: 3/3
  1869 | D:3      | Killed from afar by an orc priest

Illustrated notes

Levels and vault maps discovered:
D:1:      elethiomel_arrival_maze, layout_basic,
          shapermc_ecumenical_altar_mp_urbaneastern, minivault_14
D:2:      layout_basic
D:3:      layout_basic, grunt_temple_overflow_champion_of_chaos, vehumet_statue,
          uniq_grinder

Skill      XL: |  1  2  3 |
---------------+----------+-----
Fighting       | 4 |  4.2
Shields        | 4 |  4.2
Armour         | 4 |  4.2
Axes           | 3 |  3.1
Dodging        | 1 |  1.2
Stealth        | 1 |  1.0

Action                   |  1- 3 |  4- 6 || total
-------------------------+-------+-------++-------
Melee: War axe           |    89 |    13 ||   102
       Headbutt          |    12 |     2 ||    14
Armor: Scale mail        |    51 |     6 ||    57
Dodge: Dodged            |    40 |     3 ||    43
Block: Buckler           |    15 |     6 ||    21

Table legend: (Time is in decaauts)
 A = Elapsed time spent in this place.
 B = Non-inter-level travel time spent in this place.
 C = Inter-level travel time spent in this place.
 D = Time resting spent in this place.
 E = Time spent auto-exploring this place.
 F = Levels seen in this place.
 G = Mean time per level.
                   A        B        C        D        E       F      G
               +--------+--------+--------+--------+--------+-----+--------+
         Total |   1908 |   1827 |     81 |      0 |   1482 |   3 |  636.0 |
       Dungeon |   1908 |   1827 |     81 |      0 |   1482 |   3 |  636.0 |
               +--------+--------+--------+--------+--------+-----+--------+

Top non-repeatable levels by time:
     D:1: 1015 daAuts
     D:2: 753 daAuts
     D:3: 139 daAuts
